 Dungeon Crawl Stone Soup version 0.30-a0-377-g5cb311bc9f (webtiles) character file.

Game seed: 176939445832772232

4011 LnG the Covert (level 10, -14/55 (56) HPs)
             Began as a Kobold Summoner on Nov 28, 2022.
             Killed from afar by Maggie (21 damage)
             ... with a bolt of fire
             ... on level 7 of the Dungeon.
             The game lasted 00:21:35 (7950 turns).

LnG the Covert (Kobold Summoner)                    Turns: 7950, Time: 00:21:35

HP:   -14/55 (56)   AC: 10    Str:  6    XL:     10   Next: 47%
MP:   10/26         EV: 17    Int: 20    God:
Gold: 971           SH:  0    Dex: 18    Spells: 6/19 levels left

rFire   . . .      SeeInvis .    l - +5 dagger (vamp)
rCold   . . .      Faith    .    (no shield)
rNeg    . . .      Spirit   .    n - +3 leather armour of Dyspraxia {Fly Dex+2}
rPois   .          Reflect  .    t - +0 helmet
rElec   .          Harm     .    (no cloak)
rCorr   .          Rampage  .    (no gloves)
Will    .....                    s - +2 pair of boots
Stlth   ++++++....               (no amulet)
HPRegen 0.29/turn                g - ring of magical power
MPRegen 0.20/turn                (no ring)

@: flying, mesmerised, very slightly contaminated, lightly drained
A: small, no large weapons, nightstalker 3
a: no special abilities


You were on level 7 of the Dungeon.
You visited 1 branch of the dungeon, and saw 7 of its levels.
You also visited: Sewer.

You collected 971 gold pieces.

Inventory:

Hand Weapons
 l - a +5 vampiric dagger (weapon)
Armour
 n - the +3 leather armour of Dyspraxia (worn) {Fly Dex+2}
   (You found it on level 2 of the Dungeon)

   Dex:       It affects your dexterity (+2).
   Fly:       It grants you flight.
 s - a +2 pair of boots (worn)
 t - a +0 helmet (worn)
Jewellery
 g - a ring of magical power (left hand)
Wands
 p - a wand of digging (6)
Scrolls
 e - 2 scrolls of fear
 f - 3 scrolls of noise
 h - a scroll of vulnerability {unknown}
 j - 4 scrolls of amnesia
 k - a scroll of immolation {unknown}
 m - 2 scrolls of enchant armour {unknown}
 q - 2 scrolls of teleportation {unknown}
Potions
 a - a potion of degeneration
 b - 3 potions of magic
 c - a potion of attraction
 i - 2 potions of curing {unknown}
 o - a potion of mutation {unknown}
 r - a potion of lignification {unknown}
 u - 2 potions of flight {unknown}
 v - 3 potions of heal wounds {unknown}


   Skills:
 + Level 3.1 Fighting
 + Level 5.7 Short Blades
 + Level 2.8 Armour
 * Level 7.1 Dodging
 * Level 13.3 Stealth
 + Level 5.3 Spellcasting
 + Level 1.5 Hexes
 + Level 6.0 Summonings


You had 6 spell levels left.
You knew the following spells:

 Your Spells              Type           Power      Damage    Failure   Level
a - Summon Small Mammal   Summ           100%       N/A       1%          1
b - Call Imp              Summ           29%        N/A       2%          2
c - Call Canine Familiar  Summ           29%        N/A       4%          3
d - Summon Guardian Gole  Hex/Summ       20%        N/A       11%         3
e - Summon Lightning Spi  Summ/Air       17%        N/A       43%         4

Your spell library contained the following spells:

 Spells                   Type           Power      Damage    Failure   Level
 Magic Dart               Conj           20%        1d4       17%         1
 Searing Ray              Conj           10%        2d4       26%         2
 Mephitic Cloud           Conj/Pois/Air  5%         N/A       45%         3
 Fulminant Prism          Conj/Hex       4%         3d5       77%         4
 Storm Form               Tmut/Air       2%         N/A       100%        7
 Maxwell's Capacitive Co  Air            2%         ∞         100%        8


Dungeon Overview and Level Annotations

Branches:
Dungeon (7/15)              Sewer (visited)
 Temple: D:4-7

Altars:
Cheibriados
Gozag
Hepliaklqana
Nemelex Xobeh
Uskayaw
Yredelemnul
Zin
The Shining One

Annotations:
D:7 Maggie


Innate Abilities, Weirdness & Mutations

You are small and have problems with some larger weapons.
You are completely attuned to the shadows.


Message History

The manticore claws you but does no damage.
Maggie mumbles some strange words.
Maggie draws you further into her thrall.
You cannot move away from Maggie!
Found a stone staircase leading down.
The orc wizard completely misses you.
Your lightning spire shoots out a bolt of lightning at the orc wizard!
The bolt of electricity hits the orc wizard!
The orc wizard dies!
The bolt of electricity hits Maggie.
You hit the manticore.
You feel better.
The manticore is lightly wounded.
Your crimson imp blinks!
Casting: Summon Lightning Spire (quite dangerous; 43% risk of failure)
Confirm with . or Enter, or press ? or * to list all spells.
The manticore bites you but does no damage.
The manticore claws you.
The manticore claws you but does no damage.
Unknown command.
You hit Maggie.
You feel better.
Maggie is almost dead.
The manticore barely misses you. The manticore completely misses you.
The manticore barely misses you. Maggie hits you with a +0 war axe!
Unknown command.
You hit Maggie.
You feel better.
Maggie is almost dead.
The manticore barely misses you. The manticore completely misses you.
The manticore claws you. Maggie completely misses you.
Unknown command.
You closely miss Maggie.
Maggie is almost dead.
Your crimson imp disappears in a puff of smoke!
The manticore bites you!
* * * LOW HITPOINT WARNING * * *
The manticore claws you.
* * * LOW HITPOINT WARNING * * *
The manticore claws you.
* * * LOW HITPOINT WARNING * * *
Maggie points at you and mumbles some strange words.
The bolt of fire hits you!!
You die...

♣♣..... ..##..
♣....... ### ..
./.###.< ####.## #)
♣♣ ♣.....[.
##.#...## #. ♣.♣
♣..###. #.......#
#)♣♣♣h♣ ♣.†...
....).h## #.@.8♣
....#.#.
......#########H@.♣
...##.#.
..................♣
..# #.#.
#.......#######.#)..
.# #.#. #..####.#
§.....> #.# #.#
...##### #. #.# .#
#.# #.#


You could see Maggie (mesmerising), a manticore (ally target), a friendly
lightning spire (summoned) and a friendly hound (summoned).

Vanquished Creatures
  Pikel (D:6)
  The ghost of baller8008 the Magician, an amateur DjCj of Qazlal (D:4)
  Sigmund (D:2)
  An acid dragon (D:4)
  2 sky beasts (D:6)
  3 ice beasts (D:6)
  2 ogres
  Pargi (Sewer)
  2 lemures (D:6)
  2 phantoms
  2 bullfrogs
  A kobold brigand (D:6)
  6 wights (D:6)
  A jelly (D:5)
  6 hounds
  Natasha (D:4)
  3 gnolls (D:6)
  7 adders
  A river rat (D:3)
  A white imp (D:6)
  An ufetubus (D:4)
  2 worms
  4 dart slugs
  8 orcs
  7 endoplasms
  8 giant cockroaches
  4 goblins
  12 hobgoblins
  4 jackals
  4 quokkas
  6 ball pythons
  2 bats
  6 frilled lizards
  10 kobolds
  6 rats
129 creatures vanquished.

Vanquished Creatures (collateral kills)
  A wraith (D:7)
  A steam dragon (D:6)
  A vampire mosquito (D:7)
  2 ice beasts
  An ogre (D:4)
  An orc warrior (D:7)
  A centaur (D:7)
  A nameless horror (D:2)
  An orc priest (D:7)
  An orc wizard (D:7)
  2 adders
  2 worms (D:2)
  3 orcs
  An endoplasm (D:1)
  A giant cockroach (D:2)
  A goblin (D:3)
  2 hobgoblins
  3 jackals (D:1)
  A quokka (D:1)
  A ball python (D:2)
  5 frilled lizards
  4 kobolds
  A rat (D:1)
38 creatures vanquished.

Vanquished Creatures (others)
  A hornet (D:6)
  An orc warrior (D:6)
  2 wights (D:6)
  8 plants (D:5)
12 creatures vanquished.

Grand Total: 179 creatures vanquished

Notes
Turn   | Place    | Note
-------+----------+-------------------------------------------
     0 | D:1      | LnG the Kobold Summoner began the quest for the Orb.
     0 | D:1      | Reached XP level 1. HP: 10/10 MP: 3/3
   217 | D:1      | Reached skill level 3 in Stealth
   217 | D:1      | Reached XP level 2. HP: 15/15 MP: 5/5
   220 | D:1      | Learned a level 2 spell: Call Imp
   778 | D:1      | Reached XP level 3. HP: 14/19 MP: 3/6
   848 | D:1      | Reached skill level 4 in Stealth
   852 | D:1      | Learned a level 3 spell: Call Canine Familiar
  1417 | D:2      | Reached XP level 4. HP: 24/24 MP: 7/7
  1598 | D:2      | Reached skill level 1 in Short Blades
  1742 | D:2      | Noticed Sigmund
  1747 | D:2      | Noticed a nameless horror
  1749 | D:2      | Killed Sigmund
  1750 | D:2      | Reached skill level 6 in Stealth
  1750 | D:2      | Reached XP level 5. HP: 26/28 MP: 1/9
  1750 | D:2      | Reached XP level 6. HP: 29/32 MP: 1/10
  1754 | D:2      | Killed a nameless horror
  2013 | D:2      | Identified the +3 leather armour of Dyspraxia {Fly Dex+2}
  2255 | D:3      | Identified a scroll of acquirement
  2303 | D:3      | Reached skill level 1 in Armour
  2318 | D:3      | Found a glowing drain.
  2326 | Sewer    | Entered a sewer
  2415 | Sewer    | Noticed Pargi
  2430 | Sewer    | Killed Pargi
  2636 | Sewer    | Acquired 596 gold pieces
  2808 | D:3      | Reached XP level 7. HP: 37/37 MP: 11/11
  2828 | D:3      | Learned a level 3 spell: Summon Guardian Golem
  2869 | D:3      | Reached skill level 7 in Stealth
  3021 | D:3      | Found an opulent altar of Gozag.
  3062 | D:3      | Found a hide-covered altar of Uskayaw.
  3063 | D:3      | Noticed a +0 hand axe
  3063 | D:3      | Noticed a +0 hand axe
  3365 | D:3      | Found a sparkling altar of Nemelex Xobeh.
  3367 | D:3      | Identified the +5 scale mail of Moral Flaws {Harm rF+
                  | Dex+2}
  4029 | D:4      | Found a runed translucent door.
  4069 | D:4      | Reached skill level 1 in Hexes
  4148 | D:4      | Noticed an acid dragon
  4152 | D:4      | Killed an acid dragon
  4191 | D:4      | Reached skill level 8 in Stealth
  4322 | D:4      | Found a basalt altar of Yredelemnul.
  4325 | D:4      | Found a snail-covered altar of Cheibriados.
  4361 | D:4      | Reached skill level 1 in Fighting
  4361 | D:4      | Reached XP level 8. HP: 43/43 MP: 13/13
  4448 | D:4      | Noticed Natasha
  4452 | D:4      | Killed Natasha
  4453 | D:4      | Reached skill level 9 in Stealth
  4647 | D:4      | Noticed baller8008's ghost (amateur DjCj)
  4674 | D:4      | Killed baller8008's ghost
  4828 | D:5      | Entered Level 5 of the Dungeon
  4998 | D:5      | Reached skill level 10 in Stealth
  5103 | D:5      | Identified the +5 hand axe "Famn" {vorpal, rPois}
  5269 | D:5      | Found a hazy altar of Hepliaklqana.
  5334 | D:5      | Reached skill level 5 in Summonings
  5475 | D:5      | Reached skill level 5 in Dodging
  5787 | D:5      | Found a glowing silver altar of Zin.
  5788 | D:5      | Found a glowing golden altar of the Shining One.
  5950 | D:6      | Reached XP level 9. HP: 47/47 MP: 14/14
  6127 | D:6      | Reached skill level 11 in Stealth
  6480 | D:6      | Reached skill level 12 in Stealth
  6537 | D:6      | Noticed Pikel
  6543 | D:6      | Killed Pikel
  6683 | D:6      | Learned a level 4 spell: Summon Lightning Spire
  6851 | D:6      | Reached XP level 10. HP: 53/53 MP: 16/16
  6876 | D:6      | Reached skill level 5 in Short Blades
  6876 | D:6      | Reached skill level 13 in Stealth
  7666 | D:6      | Paralysed by a hornet for 2 turns
  7678 | D:6      | Reached skill level 5 in Spellcasting
  7934 | D:7      | Noticed Maggie
  7939 | D:7      | Noticed a manticore
  7950 | D:7      | Killed from afar by Maggie

Illustrated notes

Levels and vault maps discovered:
D:1:      minmay_arrival_stair_chambers, layout_rooms, serial_co_window_serial,
          co_window_paths_a, co_window_of_opportunity_a, co_window_paths_b,
          co_window_corner_a, co_window_corner_a, co_window_unsneaky_path_a,
          co_window_corner_b, co_window_broadway_c, co_window_of_opportunity_b,
          co_window_paths_c, co_window_cross_3, glass_columns_a
D:2:      wad_crossroads, layout_rooms, serial_curves, eino_curves_01,
          eino_curves_03, amethyst_killhole, kennysheep_generic_room_5,
          uniq_sigmund
D:3:      layout_basic, mainiacjoe_overflow_concentric_impassable,
          dancing_weapons_uskayaw, mainiacjoe_overflow_small_starburst,
          gup_sewer_entry_bubbles, chequers_serial_rivers_micro_c
D:4:      minmay_thick_lines, layout_basic, jmf_multi_god_temple,
          ebering_ghost_sewer_d, uniq_natasha
D:5:      layout_loops_corners, gammafunk_temple_overflow_statue,
          nicolae_hepliaklqana_hazy_memory, minmay_misc_feat_hallway
D:6:      layout_loops_ring, kennysheep_generic_room_11, uniq_pikel
D:7:      layout_loops_ring, minmay_temple_entry_fiery, kb_rosetta, uniq_joseph,
          uniq_maggie

Skill      XL: |  1  2  3  4  5  6  7  8  9 10 |
---------------+-------------------------------+-----
Stealth        | 3 4 6 8 10 12 13 | 13.3
Short Blades   | 1 2 3 4 5 |  5.7
Dodging        | 3 4 5 6 7 |  7.1
Spellcasting   | 3 4 5 |  5.3
Armour         | 1 2 |  2.8
Hexes          | 1 |  1.5
Fighting       | 1 2 3 |  3.1
Summonings     | 5 6 |  6.0

Action                   |  1- 3 |  4- 6 |  7- 9 | 10-12 || total
-------------------------+-------+-------+-------+-------++-------
Melee: Dagger            |    59 |   100 |   221 |   125 ||   505
       Unarmed           |     5 |       |       |       ||     5
       Punch             |     1 |     1 |     2 |     3 ||     7
 Cast: Summon Small Mamm |     6 |     1 |       |       ||     7
       Call Imp          |     4 |       |     2 |     5 ||    11
       Call Canine Famil |     3 |     5 |    16 |    11 ||    35
       Summon Guardian G |       |       |     5 |     1 ||     6
       Summon Lightning  |       |       |       |     2 ||     2
  Use: Scroll            |       |     6 |     7 |     5 ||    18
 Stab: Sleeping          |    10 |    18 |    39 |     1 ||    68
       Distracted        |     1 |     1 |     2 |       ||     4
Armor: Leather armour    |    10 |    32 |    44 |    42 ||   128
Dodge: Dodged            |    47 |    83 |   103 |   130 ||   363

Table legend: (Time is in decaauts)
 A = Elapsed time spent in this place.
 B = Non-inter-level travel time spent in this place.
 C = Inter-level travel time spent in this place.
 D = Time resting spent in this place.
 E = Time spent auto-exploring this place.
 F = Levels seen in this place.
 G = Mean time per level.
                   A        B        C        D        E       F      G
               +--------+--------+--------+--------+--------+-----+--------+
         Total |   7888 |   7590 |    298 |    551 |   5536 |   8 |  986.0 |
       Dungeon |   7566 |   7268 |    298 |    519 |   5323 |   7 | 1080.9 |
         Sewer |    322 |    322 |      0 |     32 |    213 |   1 |  322.0 |
               +--------+--------+--------+--------+--------+-----+--------+

Top non-repeatable levels by time:
     D:6: 1625 daAuts
     D:4: 1251 daAuts
     D:1: 1230 daAuts
     D:5: 1110 daAuts
     D:2: 1015 daAuts
     D:3: 988 daAuts
     D:7: 345 daAuts
   Sewer: 322 daAuts
